 Dungeon Crawl Stone Soup version 0.28-a0-563-gf77a47075d (webtiles) character file.

Game seed: 7657036508019842585

2764 Spaninq the Carver (level 9, -11/51 HPs)
             Began as a Vine Stalker Brigand on Sept 30, 2021.
             Was a Believer of Ashenzari.
             Mangled by a skeletal warrior (23 damage)
             ... on level 7 of the Dungeon.
             The game lasted 00:24:35 (6671 turns).

Spaninq the Carver (Vine Stalker Brigand)           Turns: 6671, Time: 00:24:36

Health: -11/51     AC:  9    Str: 17    XL:     9   Next: 69%
Magic:  0/16       EV: 11    Int: 11    God:    Ashenzari [**....]
Gold:   328        SH:  0    Dex: 14    Spells: 16/16 levels left

rFire   + . .      SeeInvis +   s - +0 long sword (elec)
rCold   + . .      Faith    .   (no shield)
rNeg    . . .      Spirit   +   w - +0 robe {rC+ rF+}
rPois   +          Reflect  .   a - +0 helmet
rElec   .          Harm     .   c - +0 cloak of the Perceptive Omen {Elem, Melee} (curse)
rCorr   .          Rampage  .   f - +0 pair of gloves of the Fated Regret {Fort, Range} (curse)
Will    +....                   k - +0 pair of boots "Restrained Together" {Self, Alch} (curse)
Stlth   +++.......              (no amulet)
HPRegen 1.17/turn               m - ring of poison resistance
MPRegen 0.15/turn               (no ring)

@: no status effects
A: fangs 3, regeneration 1, magic shield, antimagic bite, no potion heal 2,
iridescent scales 1, clumsy 1
a: Renounce Religion, Shatter the Chains


You were on level 7 of the Dungeon.
You worshipped Ashenzari.
Ashenzari was pleased with you.
You visited 1 branch of the dungeon, and saw 7 of its levels.

You collected 328 gold pieces.

Inventory:

Hand Weapons
 q - a +1 dagger of venom
 s - a +0 long sword of electrocution (weapon)
Missiles
 d - 31 poisoned darts (quivered)
 e - 2 curare-tipped darts
 z - 6 javelins
Armour
 a - a +0 helmet (worn)
 c - the cursed +0 cloak of the Perceptive Omen (worn) {Elem, Melee}

   It has a curse which improves the following skills: Elements: Fire Magic, Ice
   Magic, Air Magic and Earth Magic.
   Melee Combat: Short Blades, Long Blades, Axes, Maces & Flails, Polearms,
   Staves and Unarmed Combat.
 f - the cursed +0 pair of gloves of the Fated Regret (worn) {Fort, Range}
   (You found it on level 1 of the Dungeon)

   It has a curse which improves the following skills: Fortitude: Armour and
   Shields.
   Ranged Combat: Slings, Bows, Crossbows and Throwing.
 k - the cursed +0 pair of boots "Restrained Together" (worn) {Self, Alch}
   (You found it on level 3 of the Dungeon)

   It has a curse which improves the following skills: Introspection: Fighting
   and Spellcasting.
   Alchemy:   Poison Magic and Transmutations.
 p - a +0 chain mail
 w - a +0 robe of resistance (worn)
Jewellery
 m - a ring of poison resistance (left hand)
Wands
 i - a wand of paralysis (8)
 y - a wand of iceblast (7)
Scrolls
 g - a scroll of holy word
 h - a scroll of blinking
 l - 2 scrolls of fog
 r - 2 scrolls of amnesia
 v - a scroll of enchant armour
 x - a scroll of enchant weapon
 A - a scroll of magic mapping
Potions
 b - a potion of resistance
 j - 2 potions of curing
 n - a potion of magic
 o - a potion of flight
 t - a potion of brilliance
 u - a potion of cancellation


   Skills:
 + Level 6.2(7.7) Fighting
 - Level 1.7(6.1) Short Blades
 * Level 8.5(10.1) Long Blades
 - Level 1.7(2.8) Throwing
 + Level 4.2(5.6) Armour
 - Level 0.7 Dodging
 - Level 4.8 Stealth
 + Level 2.7(4.0) Spellcasting


You had 16 spell levels left.
You didn't know any spells.
Your spell library contained the following spells:

 Spells                   Type           Power      Damage    Failure   Level
 Sandblast                Erth           4%         2d4       22%         1
 Passwall                 Tmut/Erth      1%         N/A       32%         2
 Stone Arrow              Conj/Erth      4%         3d7       56%         3
 Iskenderun's Battlesphe  Conj           2%         2d6       100%        5
 Iron Shot                Conj/Erth      1%         9d1       100%        6
 Spellforged Servitor     Conj/Summ      1%         N/A       100%        7


Dungeon Overview and Level Annotations

Branches:
Dungeon (7/15)             Temple (0/1) D:6

Altars:
Ashenzari
Cheibriados
Hepliaklqana
Nemelex Xobeh
Ru
Sif Muna
Trog
Uskayaw
The Shining One

Annotations:
D:7 2 transporters, meatgazer's ghost, novice HOMo


Innate Abilities, Weirdness & Mutations

You have razor-sharp teeth.
Your natural rate of healing is unusually fast.
When hurt, damage is shared between your health and your magic reserves.
Your bite disrupts and absorbs the magic of your enemies.
Potions cannot restore your health.
You are partially covered in iridescent scales. (AC +2)
You are clumsy. (Dex -2)


Message History

You see here a potion of lignification.
You catch the helpless orc priest completely off-guard!
You hit the orc priest.
The orc priest is lightly wounded.
The orc priest hits you but does no damage.
You slash the orc priest!
The orc priest is severely wounded.
The orc priest casts a cantrip, but nothing happens.
You closely miss the orc priest.
The orc priest is severely wounded.
The orc priest invokes the aid of Beogh against you.
Beogh smites you!
You barely miss the orc priest.
The orc priest is severely wounded.
The orc priest hits you but does no damage.
The orc priest calls down the wrath of Beogh upon you.
Pain shoots through your body!
The orc priest looks braver for a moment.
The orc priest calls down the wrath of Beogh upon you.
Beogh smites you!
The orc priest calls down the wrath of Beogh upon you.
Beogh smites you!
There is an escape hatch in the ceiling here.
Okay, then.
The orc priest begins to cast a cantrip, but forgets the words!
The orc priest shouts!
The orc priest invokes the aid of Beogh against you.
Beogh smites you!
The skeletal warrior hits you with a +0 battleaxe!!
The orc priest looks braver for a moment.
The orc priest calls down the wrath of Beogh upon you.
Beogh smites you!
* * * LOW HITPOINT WARNING * * *
You hit the orc priest but do no damage.
Your bite misses the orc priest.
The orc priest is severely wounded.
The orc priest hits you with a +0 short sword.
* * * LOW HITPOINT WARNING * * *
The skeletal warrior hits you with a +0 battleaxe!!
You die...

.. #.###<...)..## #........##.W.
..##.##.........# #........#....
.....##....)<...# #........#..##
##...##.....)...# #........#..
#.o.##.........# #.......##5#
##..##.........# #.......#,...# #
#..###........# #.......## ,#.
.##...##......#z## #........### ,
..#...!#.#..###.@# #..........###
..#..#....#.# ##o###.............
..#..###..#.# #..##..........#.#
#....# #..#.# ###.##.#...........
#....###....###......#...##.#####
.....##......#..###.##..###.#
..........(....## #>#...###.###
##..............###...........#
#..<..........#..####.##.#....#


You could see a skeletal warrior and an orc priest.

Vanquished Creatures
  2 wraiths (D:7)
  A wyvern (D:7)
  A water moccasin (D:7)
  2 ice beasts
  A black bear (D:7)
  2 ogres
  A sky beast (D:3)
  A necrophage (D:6)
  2 centaurs
  A phantom (D:6)
  A bullfrog (D:7)
  3 wyvern skeletons
  A water moccasin skeleton (D:5)
  3 wights
  A howler monkey (D:4)
  A centaur zombie (D:7)
  An iron imp (D:5)
  3 hounds
  A gnoll shaman (D:4)
  3 orc priests
  2 bullfrog skeletons (D:6)
  2 jellies
  A centaur skeleton (D:6)
  10 orc wizards
  3 hound skeletons (D:4)
  4 gnolls
  7 adders
  2 shadow imps
  An adder skeleton (D:4)
  2 dart slugs (D:4)
  20 orcs
  9 endoplasms
  4 giant cockroaches
  10 hobgoblins
  7 jackals (D:2)
  2 quokkas
  10 ball pythons
  5 bats
  A frilled lizard (D:2)
  6 goblins
  9 kobolds
  9 rats
158 creatures vanquished.

Vanquished Creatures (others)
  An orc (D:3)
1 creature vanquished.

Grand Total: 159 creatures vanquished

Notes
Turn   | Place    | Note
-------+----------+-------------------------------------------
     0 | D:1      | Spaninq the Vine Stalker Brigand began the quest for the
                  | Orb.
     0 | D:1      | Reached XP level 1. HP: 11/11 MP: 2/2
   107 | D:1      | Reached skill level 1 in Long Blades
   107 | D:1      | Reached XP level 2. HP: 11/15 MP: 3/3
   699 | D:1      | Reached XP level 3. HP: 12/18 MP: 4/4
  1013 | D:1      | Found a faded altar of an unknown god.
  1124 | D:2      | Reached skill level 2 in Long Blades
  1252 | D:2      | Found a hide-covered altar of Uskayaw.
  1617 | D:2      | Gained mutation: Your natural rate of healing is unusually
                  | fast. [Vine Stalker growth]
  1617 | D:2      | Reached XP level 4. HP: 7/23 MP: 2/5
  1709 | D:2      | Reached skill level 3 in Long Blades
  1793 | D:2      | Reached XP level 5. HP: 28/28 MP: 6/6
  2145 | D:3      | Found a broken altar of Ashenzari.
  2160 | D:3      | Became a worshipper of Ashenzari the Shackled
  2164 | D:3      | Gained mutation: You have a pair of small antennae on your
                  | head. [potion of mutation]
  2164 | D:3      | Gained mutation: You are covered in fur. (AC +1) [potion of
                  | mutation]
  2267 | D:3      | Noticed a sky beast
  2296 | D:3      | Killed a sky beast
  2297 | D:3      | Reached skill level 4 in Long Blades
  2366 | D:3      | Found a glowing golden altar of the Shining One.
  2516 | D:3      | Reached XP level 6. HP: 32/32 MP: 7/7
  2692 | D:3      | Found a shimmering blue altar of Sif Muna.
  2697 | D:3      | Identified Sif Muna's Incunabulum of Poison
  3282 | D:4      | Lost mutation: You are covered in fur. (AC +1) [potion of
                  | mutation]
  3282 | D:4      | Lost mutation: You have a pair of small antennae on your
                  | head. [potion of mutation]
  3282 | D:4      | Gained mutation: You are clumsy. (Dex -2) [potion of
                  | mutation]
  3282 | D:4      | Gained mutation: You are partially covered in iridescent
                  | scales. (AC +2) [potion of mutation]
  3321 | D:4      | Reached skill level 5 in Long Blades
  3321 | D:4      | Reached XP level 7. HP: 12/37 MP: 4/8
  3443 | D:3      | Reached skill level 1 in Armour
  4018 | D:5      | Entered Level 5 of the Dungeon
  4326 | D:4      | Reached skill level 6 in Long Blades
  4367 | D:5      | Gained mutation: You have razor-sharp teeth. [Vine Stalker
                  | growth]
  4367 | D:5      | Reached XP level 8. HP: 42/42 MP: 9/9
  4475 | D:5      | Found a sacrificial altar of Ru.
  4611 | D:5      | Identified the +1 robe "Wysaor" {Drain Slay+5 Stlth+}
  4667 | D:5      | Reached skill level 5 in Fighting
  4717 | D:5      | Found a snail-covered altar of Cheibriados.
  4928 | D:5      | Found a sparkling altar of Nemelex Xobeh.
  4930 | D:5      | Found a bloodstained altar of Trog.
  5029 | D:6      | Reached skill level 7 in Long Blades
  5088 | D:6      | Found a hazy altar of Hepliaklqana.
  5199 | D:6      | Found a staircase to the Ecumenical Temple.
  5404 | D:6      | Reached * piety under Ashenzari
  5623 | D:6      | Reached XP level 9. HP: 43/49 MP: 9/11
  5876 | D:7      | Reached skill level 1 in Spellcasting
  5995 | D:7      | Found the +5 scythe "Finisher" {speed, eviscerate}
  5998 | D:7      | Noticed a skeletal warrior
  6104 | D:6      | Reached skill level 8 in Long Blades
  6421 | D:6      | Reached ** piety under Ashenzari
  6521 | D:7      | Found a transporter.
  6522 | D:7      | Noticed meatgazer's ghost (novice HOMo)
  6546 | D:7      | Found a transporter.
  6671 | D:7      | Mangled by a skeletal warrior

Illustrated notes

Levels and vault maps discovered:
D:1:      tarquinn_simple_flora_water_e, layout_basic,
          shapermc_ecumenical_altar_notcrosses, grunt_decor_mini_mirrors
D:2:      layout_loops_corners, basic_altar
D:3:      cheibrodos_pilgrimage, layout_loops_corners,
          overflow_temple_1_default, led_sif_book, cheibrodos_ashenzari_chains,
          minivault_27
D:4:      layout_cave_pools, serial_bayou_ford_a
D:5:      layout_loops_ring, nicolae_overflow_hidden_temple, chei_slow_surprise
D:6:      layout_basic, kennysheep_mini_moat, minmay_temple_entry_mini_moons
D:7:      layout_rooms, gammafunk_ghost_stat_death,
          minmay_guarded_unrand_finisher

Skill      XL: |  1  2  3  4  5  6  7  8  9 |
---------------+----------------------------+-----
Fighting       | 2 3 4 5 6 |  6.2
Long Blades    | 1 2 3 4 5 6 7 8 |  8.5
Armour         | 1 3 4 |  4.2
Spellcasting   | 2 |  2.7
Short Blades   | |  1.7
Throwing       | |  1.7
Dodging        | |  0.7
Stealth        | |  4.8

Action                   |  1- 3 |  4- 6 |  7- 9 || total
-------------------------+-------+-------+-------++-------
Melee: Dagger            |   118 |    67 |   184 ||   369
       Bite              |    22 |    35 |   112 ||   169
       Spear             |       |    57 |       ||    57
       Long sword        |       |     1 |   127 ||   128
Invok: Curse Item        |       |       |     3 ||     3
  Use: Potion            |       |     2 |       ||     2
 Stab: Sleeping          |    12 |    11 |    10 ||    33
       Distracted        |     1 |       |     4 ||     5
Armor: Robe              |    24 |    33 |   103 ||   160
Dodge: Dodged            |    63 |    41 |   144 ||   248

Table legend: (Time is in decaauts)
 A = Elapsed time spent in this place.
 B = Non-inter-level travel time spent in this place.
 C = Inter-level travel time spent in this place.
 D = Time resting spent in this place.
 E = Time spent auto-exploring this place.
 F = Levels seen in this place.
 G = Mean time per level.
                   A        B        C        D        E       F      G
               +--------+--------+--------+--------+--------+-----+--------+
         Total |   6623 |   6443 |    180 |    367 |   4111 |   7 |  946.1 |
       Dungeon |   6623 |   6443 |    180 |    367 |   4111 |   7 |  946.1 |
               +--------+--------+--------+--------+--------+-----+--------+

Top non-repeatable levels by time:
     D:3: 1165 daAuts
     D:1: 1065 daAuts
     D:2: 1059 daAuts
     D:6: 1037 daAuts
     D:5: 832 daAuts
     D:4: 823 daAuts
     D:7: 638 daAuts
